 Dungeon Crawl Stone Soup version 0.22-a0-469-gf26638a71f (webtiles) character file.

388 Kaname the Conjurer (level 6, 41/41 HPs)
             Began as a Demonspawn Wizard on June 11, 2018.
             Quit the game on level 3 of the Dungeon.
             The game lasted 00:10:30 (2857 turns).

Kaname the Conjurer (Demonspawn Wizard)             Turns: 2857, Time: 00:10:30

Health: 41/41      AC:  5    Str:  7    XL:     6   Next: 49%
Magic:  3/10       EV: 11    Int: 21    God:
Gold:   182        SH:  0    Dex: 12    Spells: 5/11 levels left

rFire    . . .     SeeInvis .   a - +0 spear (pain)
rCold    . . .     Gourm    .   (no shield)
rNeg     . . .     Faith    .   r - +0 leather armour (curse)
rPois    .         Spirit   .   b - +0 hat
rElec    .         Reflect  .   (no cloak)
rCorr    .         Harm     .   (no gloves)
MR       +....                  (no boots)
Stlth    ++........             (no amulet)
HPRegen  0.13/turn              i - +4 ring of slaying
MPRegen  0.12/turn              p - ring of protection from magic

@: very slightly contaminated
A: hooves 1, slimy green scales 1, powered by death 1
a: no special abilities


You were on level 3 of the Dungeon.
You were not hungry.

You visited 1 branch of the dungeon, and saw 3 of its levels.

You collected 182 gold pieces.

Inventory:

Hand Weapons
 a - a +0 spear of pain (weapon)
 e - a +0 short sword
Missiles
 h - 64 arrows
Armour
 b - a +0 hat (worn)
 r - a cursed +0 leather armour (worn)
Jewellery
 i - a +4 ring of slaying (left hand)
 p - a ring of protection from magic (right hand)
Scrolls
 j - 2 scrolls of teleportation
 l - a scroll of magic mapping {unknown}
 n - 2 scrolls of amnesia {unknown}
Potions
 f - a potion of degeneration {unknown}
 g - 2 potions of curing
 k - 2 potions of haste
 q - 2 potions of brilliance
Comestibles
 d - 3 rations


   Skills:
 + Level 3.3 Short Blades
 - Level 1.7 Dodging
 - Level 4.0 Stealth
 - Level 3.0 Spellcasting
 - Level 4.0 Conjurations
   Level 1.0 Summonings
 - Level 0.8 Translocations


You had 5 spell levels left.
You knew the following spells:

 Your Spells              Type           Power        Failure   Level  Hunger
a - Magic Dart            Conj           ###.         3%          1    None
b - Blink                 Tloc           N/A          22%         2    ##.....
c - Mephitic Cloud        Conj/Pois/Air  #.......     34%         3    ###....

Your spell library contained the following spells:

 Spells                   Type           Power        Failure   Level  Hunger
 Conjure Flame            Conj/Fire      ##......     26%         3    ###....
 Slow                     Hex            #.......     30%         2    ##.....
 Call Imp                 Summ           #.......     21%         2    ##.....


Dungeon Overview and Level Annotations

Branches:
Dungeon (3/15)

Altars:
Okawaru
Sif Muna


Innate Abilities, Weirdness & Mutations

You have large cloven feet.
You are partially covered in slimy green scales. (AC +2)
You regenerate a little health from kills.


Message History

You reach to attack!
You hit the kobold.
You kill the kobold!
No target in view!
No target in view!
No target in view!
Sigmund is too close now for your liking.
Attack whom?
Press: ? - help, Dir - move target cursor, f - Sigmund
Aim: Sigmund, wielding a scythe and wearing a runed robe (severely wounded, confused)
You reach to attack!
You hit Sigmund.
Sigmund is severely wounded.
You puncture Sigmund!
You kill Sigmund!
Your Short Blades skill gained 2 levels and is now at level 3!
You have reached level 6!
Your experience leads to an increase in your attributes!
Increase (S)trength, (I)ntelligence, or (D)exterity?
You feel clever.
Your demonic ancestry asserts itself...
Slimy green scales grow over part of your body.
Are you sure you want to abandon this character and quit the game? (Confirm with "yes".)

.... #.####.#
........#### #.##....
..........####......#
.....#.#......##...#
#.#..._..####.##....
#.##.#.#.####.##...)
##.............##....
#..≈..##..#.........#
#...@.##.##.######..#
###..†.)...#.......#
.
#....#.###########.#
#≈##.#..........
#§##§###########
#§##......#
#§#######.# #§# #.#


There were no monsters in sight!

Vanquished Creatures
  Sigmund (D:3)
  An orc priest (D:3)
  Natasha (thrice) (D:2)
  4 gnolls (D:2)
  3 adders (D:2)
  2 oozes (D:1)
  3 dart slugs
  A leopard gecko (D:3)
  2 orcs
  2 ball pythons (D:2)
  5 bats
  8 goblins
  4 hobgoblins
  3 jackals (D:1)
  6 kobolds
  4 frilled lizards
  7 rats
59 creatures vanquished.

Notes
Turn   | Place    | Note
-------+----------+-------------------------------------------
     0 | D:1      | Kaname the Demonspawn Wizard began the quest for the Orb.
     0 | D:1      | Reached XP level 1. HP: 13/13 MP: 4/4
    90 | D:1      | Gained mutation: You regenerate a little health from kills. [demonic ancestry]
    90 | D:1      | Reached XP level 2. HP: 5/19 MP: 0/6
   593 | D:2      | Reached XP level 3. HP: 24/24 MP: 5/7
   598 | D:2      | Learned a level 2 spell: Blink
   602 | D:2      | Learned a level 3 spell: Mephitic Cloud
  1315 | D:2      | Reached XP level 4. HP: 30/30 MP: 8/8
  1517 | D:2      | Found a deep blue altar of Sif Muna.
  1626 | D:2      | Noticed Natasha
  1635 | D:2      | Killed Natasha
  1890 | D:2      | Noticed Natasha
  1895 | D:2      | Killed Natasha
  1895 | D:2      | Gained mutation: You have large cloven feet. [demonic ancestry]
  1895 | D:2      | Reached XP level 5. HP: 35/35 MP: 3/9
  2186 | D:2      | Noticed Natasha
  2189 | D:2      | Killed Natasha
  2318 | D:2      | Found a deep blue altar of Sif Muna.
  2614 | D:3      | Reached skill level 1 in Short Blades
  2684 | D:3      | Found an iron altar of Okawaru.
  2797 | D:3      | Noticed Sigmund
  2856 | D:3      | Killed Sigmund
  2856 | D:3      | Gained mutation: You are partially covered in slimy green scales. (AC +2) [demonic ancestry]
  2856 | D:3      | Reached XP level 6. HP: 41/41 MP: 3/10
  2857 | D:3      | Quit the game

Vault maps used:
D:1:      erik_arrival_gehennom, corexii_item_surrounded_by_moat
D:2:      lemuel_blue_sif_altar, uniq_natasha
D:3:      okawaru_metal_pillars_1_2, uniq_sigmund

Skill      XL: |  1  2  3  4  5 |
---------------+----------------+-----
Conjurations   | 2 3 4 |  4.0
Stealth        | 3 4 |  4.0
Short Blades   | 3 |  3.3
Dodging        | |  1.7
Spellcasting   | |  3.0
Summonings     | |  1.0
Translocations | |  0.8

Action                   |  1- 3 |  4- 6 || total
-------------------------+-------+-------++-------
Melee: Whip              |     9 |       ||     9
       Unarmed           |     3 |       ||     3
       Short sword       |    31 |    17 ||    48
       Spear             |       |     9 ||     9
       Kick              |       |     1 ||     1
 Cast: Magic Dart        |    61 |    57 ||   118
       Blink             |     5 |     2 ||     7
       Mephitic Cloud    |       |     1 ||     1
  Use: Scroll            |       |     4 ||     4
 Stab: Sleeping          |       |     1 ||     1
  Eat: Chunk             |     1 |     5 ||     6
Armor: Robe              |     9 |     2 ||    11
       Leather armour    |       |     1 ||     1
Dodge: Dodged            |    34 |    17 ||    51

Table legend:
 A = Spawn XP
 B = Non-spawn XP
 C = Spawn XP percentage of total XP
 D = Spawn monster count
 E = Non-spawn monster count
 F = Spawn count percentage of total count
 G = Total turns spent on level
                    A         B        C        D         E        F      G
               +---------+---------+-------+---------+---------+-------+---------
         Total |       0 |     555 |   0.0 |       0 |      59 |   0.0 |  2857
               +---------+---------+-------+---------+---------+-------+---------
           D:1 |       0 |      49 |   0.0 |       0 |      21 |   0.0 |   947
           D:2 |       0 |     231 |   0.0 |       0 |      29 |   0.0 |  1629
           D:3 |       0 |     275 |   0.0 |       0 |       9 |   0.0 |   281
               +---------+---------+-------+---------+---------+-------+---------
